 Dungeon Crawl Stone Soup version 0.18-b1-20-g17449fe (webtiles) character file.

1132 shmeve the Skirmisher (level 8, -8/78 HPs)
             Began as a Gargoyle Berserker on May 2, 2016.
             Was an Elder of Trog.
             Mangled by an orc warrior
             ... wielding a +0 halberd
              (17 damage)
             ... on level 6 of the Dungeon on May 3, 2016.
             The game lasted 00:12:29 (3883 turns).

shmeve the Skirmisher (Gargoyle Berserker)          Turns: 3883, Time: 00:12:29

Health: -8/78      AC: 20    Str: 27    XL:     8   Next: 36%
Magic:  8/8        EV:  9    Int:  8    God:    Trog [****..]
Gold:   336        SH:  0    Dex: 10    Spells: 0 memorised, 7 levels left

rFire  . . .     SeeInvis .     z - +0 battleaxe
rCold  . . .     Gourm    .     r - +1 chain mail
rNeg   + . .     Faith    .     (shield currently unavailable)
rPois  ∞         Spirit   .     (no helmet)
rElec  +         Dismiss  .     l - +0 cloak
rCorr  .         Reflect  .     w - +2 pair of gloves
SustAt +         Harm     .     (no boots)
MR     .....                    (no amulet)
Stlth  ..........               (no ring)
                                B - ring of sustain attributes

@: berserking, very quick, not resistant to hostile enchantments, extremely
unstealthy
A: negative energy resistance 1, electricity resistance, unbreathing,
petrification resistance, rot immunity, AC +5
a: Berserk, Trog's Hand, Brothers in Arms, Burn Spellbooks, Renounce Religion


You were on level 6 of the Dungeon.
You worshipped Trog.
Trog was greatly pleased with you.
You were not hungry.

You visited 2 branches of the dungeon, and saw 7 of its levels.

You collected 336 gold pieces.

Inventory:

Hand Weapons
 j - a +1 hand axe of electrocution
 z - a +0 battleaxe (weapon)
Armour
 l - a +0 cloak (worn)
 r - a +1 chain mail (worn)
 w - a +2 pair of gloves (worn)
Jewellery
 B - a ring of sustain attributes (left hand)
Wands
 i - a wand of polymorph (18/24)
 s - a wand of flame (21/48)
Scrolls
 f - a scroll of enchant weapon
 q - a scroll of noise
 t - 2 scrolls of random uselessness
 x - a scroll of recharging {unknown}
 y - a scroll of identify
Potions
 a - a potion of mutation
 d - 2 potions of lignification
 e - 2 potions of agility
 g - a potion of cure mutation
 h - 3 potions of flight
 k - a potion of magic
 n - a potion of heal wounds
 o - 2 potions of might
 p - 2 potions of curing
 u - 3 potions of berserk rage {unknown}
 v - a potion of haste {unknown}
Comestibles
 b - a beef jerky
 c - 5 bread rations
 m - 3 fruits


   Skills:
 * Level 6.5 Fighting
 * Level 5.6 Axes
 + Level 4.5 Armour
 + Level 3.1 Dodging
 + Level 3.9 Stealth


You had 7 spell levels left.
You didn't know any spells.

Dungeon Overview and Level Annotations

Branches:
Dungeon (6/15)             Temple (1/1) D:4

Altars:
Ashenzari
Dithmenos
Elyvilon
Fedhas
Gozag
Kikubaaqudgha
Makhleb
Okawaru
Qazlal
Ru
Sif Muna
Trog
Zin

Shops:
D:5 ?


Innate Abilities, Weirdness & Mutations

You are resistant to torment.
Your stone body is resilient (AC +5).
You are immune to poison.
You resist negative energy.
You are resistant to electric shocks.
You can survive without breathing.
You are immune to petrification.
You are immune to rotting.


Message History

The orc warrior barely misses you.
A red film seems to cover your vision as you go berserk!
You feel yourself moving faster!
You feel mighty!
You feel somewhat more hungry.
The orc warrior hits you but does no damage.
You hit the orc warrior but do no damage.
The orc warrior is severely wounded.
You barely miss the orc warrior.
The orc warrior is severely wounded.
The orc warrior hits you but does no damage.
You barely miss the orc warrior.
The orc warrior is severely wounded.
The orc warrior hits you but does no damage.
You closely miss the orc warrior.
The orc warrior is severely wounded.
The orc warrior hits you but does no damage.
You closely miss the orc warrior.
The orc warrior is severely wounded.
The orc warrior hits you with a halberd!
You die...

## .# .... .. .##.... .#
#. .#..... .# #.# #.#
....... .#. #.#
#..#....#.. ...# #.#
#.......... #...##.#
#.#o..#.#.. # ...#.#
#.#@?...... .. #.<.####
#.......... .#
#†....####........$.
.#####.##....#..###....#
........####...#.....###
.....................#
.......................
........###.#........#.
.....................#


You could see an orc warrior.

Vanquished Creatures
  A sky beast (D:5)
  An orc warrior (D:5)
  A phantom (D:4)
  2 ogres
  A scorpion (D:4)
  A howler monkey (D:5)
  3 crimson imps
  2 giant frog skeletons
  3 hounds
  An orc priest (D:4)
  3 orc wizards
  Terence (D:3)
  An iguana (D:5)
  Natasha (D:3)
  5 adders
  3 worms
  3 dart slugs
  6 giant geckos
  16 orcs
  7 giant cockroaches
  8 hobgoblins
  3 jackals (D:2)
  2 quokkas (D:3)
  3 bats
  5 giant newts
  12 goblins
  9 kobolds
  A quokka skeleton (D:5)
  5 rats
110 creatures vanquished.

Notes
Turn   | Place    | Note
--------------------------------------------------------------
     0 | D:1      | shmeve the Gargoyle Berserker began the quest for the Orb.
     0 | D:1      | Reached XP level 1. HP: 14/14 MP: 1/1
   212 | D:1      | Reached XP level 2. HP: 19/19 MP: 2/2
   312 | D:1      | Reached skill level 1 in Stealth
   483 | D:1      | Reached XP level 3. HP: 23/23 MP: 3/3
   680 | D:2      | Found a shadowy altar of Dithmenos.
   995 | D:2      | Reached ** piety under Trog
  1063 | D:2      | Reached skill level 4 in Fighting
  1087 | D:2      | Reached XP level 4. HP: 22/29 MP: 4/4
  1287 | D:2      | Found an iron altar of Okawaru.
  1528 | D:2      | Found a sacrificial altar of Ru.
  1610 | D:3      | Noticed Terence
  1616 | D:3      | Killed Terence
  1638 | D:3      | Reached XP level 5. HP: 25/34 MP: 5/5
  1751 | D:3      | Noticed Natasha
  1756 | D:3      | Killed Natasha
  1936 | D:3      | Found a bloodstained altar of Trog.
  1972 | D:3      | Reached XP level 6. HP: 29/40 MP: 6/6
  2195 | D:3      | Found a stormy altar of Qazlal.
  2202 | D:3      | Reached *** piety under Trog
  2415 | D:4      | Found a white marble altar of Elyvilon.
  2483 | D:4      | Noticed a phantom
  2491 | D:4      | Killed a phantom
  2491 | D:4      | Reached skill level 5 in Fighting
  2630 | D:4      | Reached XP level 7. HP: 44/44 MP: 7/7
  2740 | D:4      | Found a deep blue altar of Sif Muna.
  2800 | D:4      | Found a staircase to the Ecumenical Temple.
  2967 | D:4      | Found a burning altar of Makhleb.
  3069 | Temple   | Entered the Ecumenical Temple
  3129 | D:5      | Entered Level 5 of the Dungeon
  3351 | D:5      | Found a glowing silver altar of Zin.
  3412 | D:5      | Reached skill level 5 in Axes
  3427 | D:5      | Upgraded the game from 0.18-b1-17-g3aa4875 to 0.18-b1-20-g17449fe
  3457 | D:5      | Found Parravut's Magic Scroll Emporium.
  3466 | D:5      | Reached skill level 6 in Fighting
  3473 | D:5      | Reached XP level 8. HP: 34/51 MP: 8/8
  3651 | D:5      | Found a blossoming altar of Fedhas.
  3652 | D:5      | Found an ancient bone altar of Kikubaaqudgha.
  3838 | D:6      | Reached **** piety under Trog
  3883 | D:6      | Mangled by an orc warrior

Skill      XL: |  1  2  3  4  5  6  7  8 |
---------------+-------------------------+-----
Axes           | 3 4 5 |  5.6
Stealth        | 1 2 3 |  3.9
Fighting       | 4 5 6 |  6.5
Dodging        | 2 3 |  3.1
Armour         | 3 4 |  4.5

Action                   |  1- 3 |  4- 6 |  7- 9 || total
-------------------------+-------+-------+-------++-------
Melee: Hand axe          |    86 |   129 |    52 ||   267
       Battleaxe         |       |       |    69 ||    69
Invok: Berserk           |       |     2 |     1 ||     3
       Trog's Hand       |       |     1 |       ||     1
       Burn Spellbooks   |       |     1 |     1 ||     2
  Use: Scroll            |       |       |    14 ||    14
 Stab: Sleeping          |     2 |       |       ||     2
  Eat: Chunk             |     1 |     7 |     4 ||    12
Armor: Animal skin       |    31 |    15 |       ||    46
       Scale mail        |       |     9 |       ||     9
       Chain mail        |       |    42 |    96 ||   138
Dodge: Dodged            |    62 |    59 |    72 ||   193
